 Dungeon Crawl Stone Soup version 0.30.1-6-gbe392663c4 (webtiles) character file.

Game seed: 14609640025636350336

18 Cheops the Caller (level 2, -2/19 HPs)
             Began as a Merfolk Summoner on Sept 22, 2023.
             Slain by a quokka (4 damage)
             ... on level 2 of the Dungeon.
             The game lasted 00:01:29 (459 turns).

Cheops the Caller (Merfolk Summoner)                 Turns: 459, Time: 00:01:29

Health: -2/19      AC:  2    Str:  8    XL:     2   Next: 66%
Magic:  4/6        EV: 12    Int: 14    God:
Gold:   27         SH:  0    Dex: 14    Spells: 6/7 levels left

rFire   . . .        c - +0 dagger
rCold   . . .        (no shield)
rNeg    . . .        a - +0 robe
rPois   .            (no helmet)
rElec   .            (no cloak)
rCorr   .            (no gloves)
SInv    .            (no boots)
Will    .....        (no amulet)
Stlth   ++           (no ring)
HPRegen 0.23/turn    (no ring)
MPRegen 0.10/turn

%: no passive effects
@: no status effects
A: (nimble swimmer 2), mertail
a: no special abilities


You were on level 2 of the Dungeon.
You visited 1 branch of the dungeon, and saw 2 of its levels.

You collected 27 gold pieces.

Inventory:

Hand Weapons
 c - a +0 dagger (weapon)
Armour
 a - a +0 robe (worn)
Potions
 b - a potion of magic
 d - a potion of heal wounds {unknown}


   Skills:
 - Level 2.6 Dodging
 - Level 2.1 Stealth
 - Level 3.0 Spellcasting
 * Level 4.0 Summonings


You had 6 spell levels left.
You knew the following spells:

 Your Spells              Type           Power      Damage    Failure   Level
M - Summon Small Mammal   Summ           52%        N/A       4%          1

Your spell library contained the following spells:

 Spells                   Type           Power      Damage    Failure   Level
 Call Imp                 Summ           26%        N/A       6%          2
 Call Canine Familiar     Summ           13%        N/A       12%         3
 Summon Guardian Golem    Hex/Summ       7%         N/A       28%         3
 Portal Projectile        Hex/Tloc       4%         N/A       54%         3
 Tukima's Dance           Hex            2%         N/A       54%         3
 Summon Lightning Spire   Summ/Air       7%         N/A       67%         4
 Blade Hands              Tmut           1%         N/A       99%         5


Dungeon Overview and Level Annotations

Branches:
Dungeon (1/15)

Altars:


Innate Abilities, Weirdness & Mutations

((You are very nimble when in or above water. (Stealth+, EV+, Speed+++)))
Your lower body shifts to a powerful aquatic tail in water.


Message History

You closely miss the quokka.
The quokka is lightly wounded.
Your bat hits the giant cockroach but does no damage.
The quokka closely misses you.
You barely miss the quokka.
The quokka is lightly wounded.
Your bat hits the giant cockroach but does no damage. x2
The giant cockroach bites your bat.
Your bat dies!
Your bat's corpse disappears in a puff of smoke!
The quokka closely misses you.
You hit the quokka but do no damage.
The quokka is lightly wounded.
Your bat hits the giant cockroach but does no damage.
The quokka closely misses you.
Casting: Summon Small Mammal (safe; 4% risk of failure)
Confirm with . or Enter, or press ? or * to list all spells.
The giant cockroach bites you but does no damage.
The quokka bites you.
* * * LOW HITPOINT WARNING * * *
You hit the quokka but do no damage.
The quokka is lightly wounded.
Your bat closely misses the giant cockroach.
The giant cockroach misses you. The quokka bites you.
* * * LOW HITPOINT WARNING * * *
Your bat closely misses the giant cockroach.
The giant cockroach barely misses you.
Your bat barely misses the quokka.
The quokka bites you.
* * * LOW HITPOINT WARNING * * *
You hit the giant cockroach.
You kill the giant cockroach!
Your bat closely misses the quokka.
The quokka barely misses you.
Your bat hits the quokka.
You swap places.
Your bat barely misses the quokka.
Your bat hits the quokka but does no damage.
Your bat closely misses the quokka.
You hit the quokka.
The quokka is severely wounded.
Your bat closely misses the quokka. x2; The quokka bites you.
You die...

##.# #...
######.# #......#
#......#
###......#
#.......[#
#.#...?..# #
#.....@#
.#.....r#######
........b........
.........†b......
.......##.....!..
....... #........
....... #........
....... #........
..... #........


You could see a quokka (ally target) and 2 friendly bats.

Vanquished Creatures
  A ball python (D:2)
  2 bats (D:1)
  A giant cockroach (D:2)
  A hobgoblin (D:1)
  A jackal (D:1)
  A kobold (D:2)
  A rat (D:1)
8 creatures vanquished.

Vanquished Creatures (collateral kills)
  2 ball pythons (D:1)
  A bat (D:1)
  2 jackals (D:1)
  A kobold (D:1)
  A rat (D:1)
7 creatures vanquished.

Grand Total: 15 creatures vanquished

Notes
Turn   | Place    | Note
-------+----------+-------------------------------------------
     0 | D:1      | Cheops the Merfolk Summoner began the quest for the Orb.
     0 | D:1      | Reached XP level 1. HP: 13/13 MP: 3/3
   208 | D:1      | Reached XP level 2. HP: 18/19 MP: 1/5
   425 | D:1      | You fall into a shaft and drop 1 floor!
   459 | D:2      | Slain by a quokka

Illustrated notes

Levels and vault maps discovered:
D:1:      amcnicky_arrival_flooded_fountain, layout_basic,
          shapermc_ecumenical_altar_mp_highgroup
D:2:      layout_basic

Skill      XL: |  1  2 |
---------------+-------+-----
Spellcasting   | 3 |  3.0
Dodging        | |  2.6
Stealth        | |  2.1
Summonings     | |  4.0

Action                     || total
---------------------------++-------
  Melee: Unarmed           ||    15
         Dagger            ||    36
   Cast: Summon Small Mamm ||    18
   Stab: Distracted        ||     1
 Armour: Robe              ||    11
  Dodge: Dodged            ||    57
